 Dungeon Crawl Stone Soup version 0.29.0-4-gdea44cf6ec (webtiles) character file.

Game seed: 15373739443319894888

106 qw the Chopper (level 4, 0/26 HPs)
             Began as a Tengu Warper on Aug 28, 2022.
             Slain by Grinder (5 damage)
             ... on level 3 of the Dungeon.
             The game lasted 00:00:17 (2690 turns).

qw the Chopper (Tengu Warper)                       Turns: 2690, Time: 00:00:17

Health: 0/26       AC:  6    Str: 13    XL:     4   Next: 84%
Magic:  8/8        EV:  9    Int: 14    God:
Gold:   116        SH:  0    Dex: 13    Spells: 7/7 levels left

rFire   . . .      SeeInvis .   Y - +1 hand axe
rCold   . . .      Faith    .   (no shield)
rNeg    . . .      Spirit   .   k - +0 scale mail
rPois   .          Reflect  .   (helmet restricted)
rElec   .          Harm     .   (no cloak)
rCorr   .          Rampage  .   (no gloves)
Will    .....                   (boots unavailable)
Stlth   ..........              (no amulet)
HPRegen 0.08/turn               (no ring)
MPRegen 0.11/turn               (no ring)

@: no status effects
A: beak, talons 3
a: no special abilities


You were on level 3 of the Dungeon.
You visited 1 branch of the dungeon, and saw 3 of its levels.

You collected 116 gold pieces.


Innate Abilities, Weirdness & Mutations

You have a beak for a mouth.
You have claws for feet.


   Skills:
 - Level 2.0 Fighting
 + Level 5.3 Axes
 - Level 1.0 Throwing
 - Level 1.1 Armour
 - Level 2.1 Dodging
 - Level 2.0 Spellcasting
 - Level 2.4 Translocations


You had 7 spell levels left.
You didn't know any spells.
Your spell library contained the following spells:

 Spells                   Type           Power      Damage    Failure   Level
 Blink                    Tloc           16%        N/A       54%         2
 Gell's Gravitas          Tloc           8%         N/A       78%         3
 Lesser Beckoning         Tloc           8%         N/A       78%         3
 Teleport Other           Tloc           8%         N/A       78%         3
 Manifold Assault         Tloc           8%         N/A       100%        5

Inventory:

Hand Weapons
 a - a +0 flail
 Y - a +1 hand axe (weapon)
Armour
 k - a +0 scale mail (worn)
Potions
 b - a potion of ambrosia {unknown}
 c - a potion of curing {unknown}
 d - a potion of heal wounds
 f - 2 potions of might {unknown}
 g - a potion of lignification {unknown}
 h - a potion of invisibility {unknown}
 i - a potion of degeneration {unknown}
 j - a potion of haste {unknown}

Dungeon Overview and Level Annotations

Branches:
Dungeon (3/15)

Altars:

Shops:
D:2 =

Annotations:
D:3 Grinder


Message History

The ball python is severely wounded.
The ball python bites you. The ball python barely misses you.
You hit the ball python.
You kill the ball python!
2649 ||| FLEEEEING.
2652 ||| FLEEEEING.
You barely miss the frilled lizard. Your kick misses the frilled lizard.
You peck the frilled lizard.
The frilled lizard is heavily wounded.
You hit the bush but do no damage. The frilled lizard closely misses you.
You miss the frilled lizard. You claw the frilled lizard.
You kill the frilled lizard!
You hit the bush but do no damage.
You start resting.
HP restored.
You see here a frilled lizard corpse.
Grinder comes into view.
She is carrying a wand of digging (8).
Grinder shouts!
2683 ||| Stepping ~*~*~tactically~*~*~ (hiding).
You see here a +0 dagger.
You barely miss Grinder. You claw Grinder, but do no damage.
Your peck misses Grinder.
Grinder grins, showing sharp teeth.
Grinder hits you.
You writhe in agony.
You hit Grinder but do no damage. Your peck misses Grinder.
Grinder barely misses you.
You barely miss Grinder. Your kick misses Grinder. You peck Grinder.
Grinder is lightly wounded.
Grinder hits you but does no damage.
You closely miss Grinder. You punch Grinder.
Grinder is lightly wounded.
Grinder hits you but does no damage.
You barely miss Grinder.
Grinder is lightly wounded.
Grinder hits you.
You writhe in agony.
You hit Grinder. Your kick misses Grinder. You peck Grinder, but do no damage.
Grinder is lightly wounded.
Grinder hits you!
You writhe in agony.
You die... #..... ... ..$. 77 .... # ...l 777P7

... #. ... 77..P77###
#.# #.##..
7...77...###.##
#...(777..77..#.......
#....7PP%7P77.#.......
#...577.....777.......
#...7@....7...77......
#..777..777P...7.>....
##.77..P7 #777........
# 7.P.P7 77.......
77.P77 ##....7.


7777 ####... ##7# You could see Grinder.

Vanquished Creatures
  An iguana (D:3)
  A worm (D:3)
  A dart slug (D:2)
  2 orcs (D:3)
  7 endoplasms
  2 giant cockroaches (D:1)
  8 goblins
  6 hobgoblins
  5 jackals
  4 quokkas
  5 ball pythons
  10 bats
  7 frilled lizards
  7 kobolds
  6 rats
72 creatures vanquished.

Vanquished Creatures (others)
  7 plants (D:3)
7 creatures vanquished.

Grand Total: 79 creatures vanquished

Notes
Turn   | Place    | Note
-------+----------+-------------------------------------------
     0 | D:1      | qw the Tengu Warper began the quest for the Orb.
     0 | D:1      | Reached XP level 1. HP: 12/12 MP: 4/4
     0 | D:1      | 0 ||| qw: Version: 0.1-a-89-g26bdef1
     0 | D:1      | 0 ||| qw: Game counter: 1340
     0 | D:1      | 0 ||| qw: Always use a shield: true
     0 | D:1      | 0 ||| qw: God list: Okawaru
     0 | D:1      | 0 ||| qw: Allow faded altars: false
     0 | D:1      | 0 ||| qw: Do Orc after D:15 true
     0 | D:1      | 0 ||| qw: Do second Lair branch before Depths: true
     0 | D:1      | 0 ||| qw: Lair rune preference: random
     0 | D:1      | 0 ||| qw: Plans: Normal
     0 | D:1      | 0 ||| PLANNING D:1-11
   321 | D:1      | Reached XP level 2. HP: 17/17 MP: 6/6
   335 | D:1      | 335 ||| UPGRADING to +0 ring mail.
   346 | D:1      | Reached skill level 3 in Axes
   346 | D:1      | 346 ||| DROPPING +0 leather armour.
   348 | D:1      | 348 ||| READING scroll labelled LEG CIEXADWACSUE.
   349 | D:1      | 349 ||| READING scroll labelled KIDEKHL MYIMUA.
   350 | D:1      | 350 ||| READING scroll labelled ASCHURU YZOO.
   351 | D:1      | 351 ||| READING scroll labelled UPRUELAMAQI.
   595 | D:1      | Reached XP level 3. HP: 19/21 MP: 7/7
   977 | D:1      | Reached skill level 4 in Axes
  1156 | D:1      | 1156 ||| READING scroll labelled LUEBUKL UGUXT.
  1157 | D:1      | 1157 ||| DRINKING 2 fizzy green potions.
  1158 | D:1      | 1158 ||| DROPPING scroll of blinking.
  1320 | D:2      | 1320 ||| Stepping ~*~*~tactically~*~*~ (stealth).
  1406 | D:2      | Found Ojurhugu's Jewellery Emporium.
  1416 | D:2      | 1416 ||| SHOPLISTING amulet of guardian spirit (360 gold,
                  | have 72).
  1416 | D:2      | 1416 ||| SHOPLISTING ring of Ohuosmin {Str+6 Int-4 Slay+4}
                  | (616 gold, have 72).
  1416 | D:2      | 1416 ||| SHOPLISTING ring of positive energy (240 gold,
                  | have 72).
  1416 | D:2      | 1416 ||| SHOPLISTING ring of willpower (300 gold, have 72).
  1500 | D:2      | Found a faded altar of an unknown god.
  1905 | D:2      | 1905 ||| UPGRADING to +0 scale mail.
  1915 | D:2      | 1915 ||| DROPPING +0 ring mail.
  1916 | D:2      | 1916 ||| READING scroll labelled SEALENL IRADO.
  1998 | D:3      | 1998 ||| Stepping ~*~*~tactically~*~*~ (stealth).
  1999 | D:3      | 1999 ||| Stepping ~*~*~tactically~*~*~ (stealth).
  2013 | D:3      | Reached XP level 4. HP: 25/26 MP: 8/8
  2013 | D:3      | 2013 ||| Stepping ~*~*~tactically~*~*~ (stealth).
  2103 | D:3      | 2103 ||| Stepping ~*~*~tactically~*~*~ (stealth).
  2135 | D:3      | 2135 ||| DROPPING +0 whip.
  2182 | D:3      | Reached skill level 5 in Axes
  2182 | D:3      | 2182 ||| FLEEEEING.
  2183 | D:3      | 2183 ||| FLEEEEING.
  2189 | D:3      | 2189 ||| FLEEEEING.
  2190 | D:3      | 2190 ||| FLEEEEING.
  2192 | D:3      | 2192 ||| FLEEEEING.
  2193 | D:3      | 2193 ||| FLEEEEING.
  2199 | D:3      | 2199 ||| FLEEEEING.
  2200 | D:3      | 2200 ||| FLEEEEING.
  2206 | D:3      | 2206 ||| FLEEEEING.
  2208 | D:3      | 2208 ||| FLEEEEING.
  2209 | D:3      | 2209 ||| FLEEEEING.
  2211 | D:3      | 2211 ||| FLEEEEING.
  2212 | D:3      | 2212 ||| FLEEEEING.
  2213 | D:3      | 2213 ||| FLEEEEING.
  2214 | D:3      | 2214 ||| FLEEEEING.
  2215 | D:3      | 2215 ||| FLEEEEING.
  2216 | D:3      | 2216 ||| FLEEEEING.
  2217 | D:3      | 2217 ||| FLEEEEING.
  2219 | D:3      | 2219 ||| FLEEEEING.
  2220 | D:3      | 2220 ||| FLEEEEING.
  2221 | D:3      | 2221 ||| FLEEEEING.
  2222 | D:3      | 2222 ||| FLEEEEING.
  2223 | D:3      | 2223 ||| FLEEEEING.
  2224 | D:3      | 2224 ||| STAIRDANCE
  2258 | D:2      | 2258 ||| READING scroll labelled SOBLOM IKUAP.
  2263 | D:3      | 2263 ||| STAIRDANCE
  2636 | D:3      | 2636 ||| Stepping ~*~*~tactically~*~*~ (stealth).
  2641 | D:3      | 2641 ||| Stepping ~*~*~tactically~*~*~ (stealth).
  2645 | D:3      | 2645 ||| Stepping ~*~*~tactically~*~*~ (stealth).
  2649 | D:3      | 2649 ||| FLEEEEING.
  2652 | D:3      | 2652 ||| FLEEEEING.
  2682 | D:3      | Noticed Grinder
  2683 | D:3      | 2683 ||| Stepping ~*~*~tactically~*~*~ (hiding).
  2690 | D:3      | HP: 5/26 [Grinder (8)]
  2690 | D:3      | Slain by Grinder

Levels and vault maps discovered:
D:1:      minmay_arrival_stone_box, layout_basic, skrybe_limestone_x
D:2:      layout_loops_ring, hellmonk_ecumenical_altar_crossroads, serial_shops,
          nicolae_shop_stone
D:3:      minmay_spotlight, layout_basic, serial_shops,
          nicolae_shop_overgrown_old_shop, serial_forest,
          infiniplex_forest_clump_small, infiniplex_forest_lined_corner,
          infiniplex_forest_clump_tiny, infiniplex_forest_clump_small,
          infiniplex_forest_split, infiniplex_forest_end_2,
          infiniplex_forest_lined_2, infiniplex_forest_clump_long,
          minmay_misc_feat_roman, uniq_grinder

Skill      XL: |  1  2  3  4 |
---------------+-------------+-----
Axes           | 3 4 5 |  5.3
Fighting       | |  2.0
Throwing       | |  1.0
Armour         | |  1.1
Dodging        | |  2.1
Spellcasting   | |  2.0
Translocations | |  2.4

Action                   |  1- 3 |  4- 6 || total
-------------------------+-------+-------++-------
Melee: Hand axe          |    85 |    46 ||   131
       Kick              |    15 |     8 ||    23
       Peck              |     8 |     8 ||    16
       Punch             |     1 |     1 ||     2
Throw: Boomerang         |     7 |       ||     7
       Javelin           |    38 |     4 ||    42
  Use: Scroll            |     6 |     1 ||     7
       Potion            |     1 |       ||     1
Armor: Leather armour    |     5 |       ||     5
       Ring mail         |    21 |       ||    21
       Scale mail        |     4 |    10 ||    14
Dodge: Dodged            |    54 |    17 ||    71

Table legend:
 A = Non-vault XP
 B = Vault XP
 C = Vault XP percentage of total XP
 D = Non-vault monster count
 E = Vault monster count
 F = Vault count percentage of total count
                 A         B        C        D         E       F
            +---------+---------+-------+---------+---------+-------
      Total |     139 |      13 |   8.6 |      64 |       8 |  11.1
            +---------+---------+-------+---------+---------+-------
        D:1 |      47 |       0 |   0.0 |      31 |       0 |   0.0
        D:2 |      27 |       0 |   0.0 |      16 |       0 |   0.0
        D:3 |      65 |      13 |  16.7 |      17 |       8 |  32.0
            +---------+---------+-------+---------+---------+-------
